 Dungeon Crawl Stone Soup version 0.29-a0-512-gf59ac788ac (webtiles) character file.

Game seed: 7030365311571636258

8 dabmancer the Magician (level 2, 0/17 HPs)
             Began as an Octopode Hedge Wizard on May 30, 2022.
             Slain by a jackal (2 damage)
             ... on level 1 of the Dungeon.
             The game lasted 00:00:51 (492 turns).

dabmancer the Magician (Octopode Hedge Wizard)       Turns: 492, Time: 00:00:51

Health: 0/17       AC:  1    Str:  9    XL:     2   Next: 8%
Magic:  2/6        EV: 13    Int: 16    God:
Gold:   49         SH:  0    Dex: 11    Spells: 6/7 levels left

rFire   . . .      SeeInvis .   a - +0 dagger
rCold   . . .      Faith    .   (no shield)
rNeg    . . .      Spirit   .   b - +0 hat
rPois   .          Reflect  .   (no amulet)
rElec   .          Harm     .   (no ring)
rCorr   .          Rampage  .   (no ring)
Will    .....                   (no ring)
Stlth   +++.......              (no ring)
HPRegen 0.05/turn               (no ring)
MPRegen 0.10/turn               (no ring)
                                (no ring)
                                (no ring)

@: no status effects
A: almost no armour, amphibious, 8 rings, camouflage 1, gelatinous body 1,
(nimble swimmer 1), tentacles
a: no special abilities


You were on level 1 of the Dungeon.
You visited 1 branch of the dungeon, and saw 1 of its levels.

You collected 49 gold pieces.

Inventory:

Hand Weapons
 a - a +0 dagger (weapon)
 h - a +0 hunting sling
Armour
 b - a +0 hat (worn)
Scrolls
 d - 2 scrolls of teleportation {unknown}
 e - a scroll of magic mapping {unknown}
 f - 3 scrolls of vulnerability {unknown}
 g - a scroll of identify {unknown}
Potions
 c - a potion of magic
 i - 2 potions of cancellation {unknown}
 j - a potion of flight {unknown}


   Skills:
 + Level 2.0 Dodging
 + Level 2.6 Stealth
 + Level 3.4 Spellcasting
 + Level 1.0 Conjurations
 + Level 1.0 Summonings
 + Level 1.0 Translocations


You had 6 spell levels left.
You knew the following spells:

 Your Spells              Type           Power      Damage    Failure   Level
a - Magic Dart            Conj           20%        1d4       12%         1

Your spell library contained the following spells:

 Spells                   Type           Power      Damage    Failure   Level
 Slow                     Hex            8%         N/A       19%         1
 Blink                    Tloc           10%        N/A       19%         2
 Call Imp                 Summ           5%         N/A       19%         2
 Conjure Flame            Conj/Fire      4%         6-21      41%         3
 Mephitic Cloud           Conj/Pois/Air  3%         N/A       43%         3


Dungeon Overview and Level Annotations

Branches:
Dungeon (1/15)

Altars:


Innate Abilities, Weirdness & Mutations

You cannot wear most types of armour.
You are amphibious.
You can wear up to eight rings at the same time.
Your skin changes colour to match your surroundings (Stealth+).
Your rubbery body absorbs attacks. (AC +1, EV +1)
((You are camouflaged when in or above water. (Stealth+)))
You have tentacles for arms and can constrict up to eight enemies at once.


Message History

The magic dart hits the jackal but does no damage.
The jackal barks!
The magic dart hits the jackal.
The jackal is moderately wounded.
The jackal barks!
The magic dart hits the jackal.
The jackal is heavily wounded.
The magic dart hits the jackal but does no damage.
The jackal is heavily wounded.
The jackal attacks as you move away! The jackal bites you.
The magic dart hits the jackal but does no damage.
The jackal is heavily wounded.
The jackal bites you. The jackal barely misses you.
You barely miss the jackal. Your grab misses the jackal.
Your squeeze misses the jackal. The jackal closely misses you.
The jackal bites you. The jackal barely misses you.
The jackal closely misses you. x2
You hit the jackal but do no damage. Your grab misses the jackal.
The jackal is heavily wounded.
The jackal bites you. x2; The jackal barely misses you.
You closely miss the jackal. Your grab misses the jackal.
The jackal is heavily wounded.
The jackal bites you. The jackal barely misses you.
The jackal closely misses you. The jackal bites you.
* * * LOW HITPOINT WARNING * * *
The jackal closely misses you. The jackal barely misses you.
You hit the jackal but do no damage. Your grab misses the jackal.
The jackal is heavily wounded.
The jackal closely misses you. The jackal barely misses you. x2
A kobold comes into view. It is wielding a +0 whip.
You barely miss the jackal.
The kobold shouts!
Your grab misses the jackal.
The jackal is heavily wounded.
The jackal bites you.
* * * LOW HITPOINT WARNING * * *
The jackal bites you.
* * * LOW HITPOINT WARNING * * *
The jackal bites you.
You die...

#...#...
#..#K..
#.#....
##....#
#.....#####
#....#...#
#.#....#).#
#..#hhh.#.#
#...#@...##
#####.....#
#
#...#....##
.
#..#....##
. #.#...#.#
. #......#
.
#####...##
# #....#.##
#.##.#.#


You could see 3 jackals and a kobold.

Vanquished Creatures
  2 endoplasms (D:1)
  A kobold (D:1)
  2 bats (D:1)
  3 rats (D:1)
8 creatures vanquished.

Notes
Turn   | Place    | Note
-------+----------+-------------------------------------------
     0 | D:1      | dabmancer the Octopode Hedge Wizard began the quest for the
                  | Orb.
     0 | D:1      | Reached XP level 1. HP: 11/11 MP: 4/4
   430 | D:1      | Reached XP level 2. HP: 17/17 MP: 3/6
   492 | D:1      | Slain by a jackal

Illustrated notes

Levels and vault maps discovered:
D:1:      ebering_trefoil_3fold, layout_basic, hangedman_glass_teeth,
          hangedman_decor_diamond_cutter

Action                   || total
-------------------------++-------
Melee: Dagger            ||     9
       Tentacles         ||     2
       Constrict         ||     1
 Cast: Magic Dart        ||    21
Dodge: Dodged            ||    17

Table legend: (Time is in decaauts)
 A = Elapsed time spent in this place.
 B = Non-inter-level travel time spent in this place.
 C = Inter-level travel time spent in this place.
 D = Time resting spent in this place.
 E = Time spent auto-exploring this place.
 F = Levels seen in this place.
 G = Mean time per level.
                   A        B        C        D        E       F      G
               +--------+--------+--------+--------+--------+-----+--------+
         Total |    492 |    486 |      6 |      0 |    432 |   1 |  492.0 |
       Dungeon |    492 |    486 |      6 |      0 |    432 |   1 |  492.0 |
               +--------+--------+--------+--------+--------+-----+--------+

Top non-repeatable levels by time:
     D:1: 492 daAuts
